 Dungeon Crawl Stone Soup version 0.30-a0-134-gb40fab5c76 (webtiles) character file.

Game seed: 15977432735952407583

53 IdlyInterested the Conjurer (level 3, -3/29 HPs)
             Began as a Demonspawn Wanderer on Sept 19, 2022.
             Slain by an iguana (13 damage)
             ... on level 2 of the Dungeon.
             The game lasted 00:05:47 (1876 turns).

IdlyInterested the Conjurer (Demonspawn Wanderer)   Turns: 1876, Time: 00:05:47

Health: -3/29      AC:  3    Str: 11    XL:     3   Next: 62%
Magic:  4/6        EV: 12    Int: 18    God:
Gold:   111        SH:  0    Dex: 12    Spells: 6/7 levels left

rFire   . . .      SeeInvis .    t - +0 rapier
rCold   . . .      Faith    .    (no shield)
rNeg    . . .      Spirit   .    c - +0 robe
rPois   .          Reflect  .    h - +0 helmet
rElec   .          Harm     .    (no cloak)
rCorr   .          Rampage  .    (no gloves)
Will    .....                    (no boots)
Stlth   ++........               (no amulet)
HPRegen 0.09/turn                l - +4 ring of slaying
MPRegen 0.10/turn                (no ring)

@: no status effects
A: thin skeletal structure 1, foul stench 1
a: no special abilities


You were on level 2 of the Dungeon.
You visited 1 branch of the dungeon, and saw 2 of its levels.

You collected 111 gold pieces.

Inventory:

Hand Weapons
 t - a +0 rapier (weapon)
Missiles
 k - 3 poisoned darts
Armour
 c - a +0 robe (worn)
 h - a +0 helmet (worn)
 o - a +0 leather armour
 q - a +0 scale mail
Magical Staves
 j - a staff of earth
Jewellery
 l - a +4 ring of slaying (left hand)
Scrolls
 b - 4 scrolls of teleportation
 d - a scroll of silence
 e - 2 scrolls of identify {unknown}
 i - a scroll of blinking {unknown}
 n - a scroll of enchant weapon {unknown}
 s - a scroll of fear {unknown}
Potions
 a - a potion of mutation {unknown}
 m - a potion of attraction {unknown}
 p - a potion of might {unknown}
 r - a potion of curing {unknown}


   Skills:
 - Level 3.0 Fighting
 - Level 1.0 Throwing
 * Level 2.1 Dodging
 + Level 2.5 Spellcasting
 + Level 4.3 Conjurations


You had 6 spell levels left.
You knew the following spells:

 Your Spells              Type           Power      Damage    Failure   Level
a - Shock                 Conj/Air       40%        1d5       7%          1

Your spell library contained the following spells:

 Spells                   Type           Power      Damage    Failure   Level
 Stone Arrow              Conj/Erth      20%        3d8       22%         3
 Fulminant Prism          Conj/Hex       5%         3d7       56%         4


Dungeon Overview and Level Annotations

Branches:
Dungeon (2/15)

Altars:

Portals:
Abyss: D:1***


Innate Abilities, Weirdness & Mutations

You have a somewhat thin skeletal structure. (Dex +2, Stealth+)
You may rarely emit foul miasma when damaged in melee.


Message History

Aiming: Shock (safe; 7% risk of failure)
Press: ? - help, Q - select action, (/) - cycle Shift-Dir - straight line, f - iguana
Aim: an iguana (wandering, hasn't noticed you, 72% to hit)
The zap misses the goblin.
The zap hits the iguana.
The iguana is lightly wounded.
The goblin hits you with a +0 club.
You see here a giant cockroach corpse.
Aiming: Shock (safe; 7% risk of failure)
Press: ? - help, Q - select action, (/) - cycle Shift-Dir - straight line, f/p - iguana
Aim: an iguana (lightly wounded, 72% to hit)
The zap hits the goblin.
The goblin is moderately wounded.
The zap hits the iguana.
The iguana is heavily wounded.
The zap hits the iguana.
The iguana is heavily wounded.
The goblin hits you with a +0 club.
Aiming: Shock (safe; 7% risk of failure)
Press: ? - help, Q - select action, (/) - cycle Shift-Dir - straight line, f/p - iguana
Aim: an iguana (heavily wounded, 72% to hit)
The zap hits the goblin.
You kill the goblin!
The zap misses the iguana.
You completely miss the iguana. You punch the iguana.
The iguana is severely wounded.
The iguana closely misses you.
You barely miss the iguana.
The iguana is severely wounded.
The iguana bites you.
You hit the iguana but do no damage.
The iguana is severely wounded.
The iguana bites you!
You hit the iguana.
The iguana is almost dead.
The iguana bites you but does no damage.
The iguana bites you.
You hit the iguana.
The iguana is almost dead.
The iguana bites you!
You die...

##.### #........
#...#### #........
#.#....# ######........
#......###.............
#..##†........####.####
##...†......#### #..<..
#######.......###.####
#####...............>
#..l@.###.###..#.####
#..##### #..###.#.# #
#..# #....#...#### #.#
#.....##..... #.
#...#.##..### #
...#.###.# ........###
#....... ####.##.


You could see an iguana.

Vanquished Creatures
  An adder (D:2)
  2 bats (D:2)
  7 endoplasms
  A giant cockroach (D:2)
  3 goblins (D:2)
  5 hobgoblins
  7 jackals (D:1)
  3 quokkas
  4 kobolds
  3 rats
36 creatures vanquished.

Notes
Turn   | Place    | Note
-------+----------+-------------------------------------------
     0 | D:1      | IdlyInterested the Demonspawn Wanderer began the quest for
                  | the Orb.
     0 | D:1      | IdlyInterested set off with the following items: a +0 club,
                  | 2 scrolls of teleportation, a +0 robe, a scroll of silence;
                  | and the following spell memorised: Shock; and the following
                  | spells available to memorise: Stone Arrow, Fulminant Prism.
     0 | D:1      | Reached XP level 1. HP: 18/18 MP: 3/3
   449 | D:1      | Reached skill level 1 in Dodging
   449 | D:1      | Gained mutation: You may rarely emit foul miasma when
                  | damaged in melee. [demonic ancestry]
   449 | D:1      | Reached XP level 2. HP: 22/24 MP: 0/5
   513 | D:1      | Found a faded altar of an unknown god.
  1313 | D:2      | Gained mutation: You have a somewhat thin skeletal
                  | structure. (Dex +2, Stealth+) [demonic ancestry]
  1313 | D:2      | Reached XP level 3. HP: 29/29 MP: 4/6
  1876 | D:2      | Slain by an iguana

Illustrated notes

Levels and vault maps discovered:
D:1:      minmay_arrival_glassed_features, layout_loops_ring,
          nicolae_ecumenical_lake_church, chequers_avenue, due_unseen_surprise
D:2:      layout_rooms

Skill      XL: |  1  2  3 |
---------------+----------+-----
Dodging        | 1 2 |  2.1
Fighting       | |  3.0
Throwing       | |  1.0
Spellcasting   | |  2.5
Conjurations   | |  4.3

Action                   || total
-------------------------++-------
Melee: Short sword       ||    35
       Club              ||     3
       Punch             ||     2
       Rapier            ||    16
 Cast: Shock             ||    43
 Stab: Sleeping          ||     3
Armor: Robe              ||    22
Dodge: Dodged            ||    27

Table legend: (Time is in decaauts)
 A = Elapsed time spent in this place.
 B = Non-inter-level travel time spent in this place.
 C = Inter-level travel time spent in this place.
 D = Time resting spent in this place.
 E = Time spent auto-exploring this place.
 F = Levels seen in this place.
 G = Mean time per level.
                   A        B        C        D        E       F      G
               +--------+--------+--------+--------+--------+-----+--------+
         Total |   1880 |   1746 |    134 |    556 |    834 |   2 |  940.0 |
       Dungeon |   1880 |   1746 |    134 |    556 |    834 |   2 |  940.0 |
               +--------+--------+--------+--------+--------+-----+--------+

Top non-repeatable levels by time:
     D:1: 1221 daAuts
     D:2: 658 daAuts
